 Dungeon Crawl Stone Soup version 0.30-a0-297-g0ec75d9ef4 (webtiles) character file.

Game seed: 10720548887204078207

340 billz999 the Sneak (level 6, -2/41 HPs)
             Began as a Vampire Earth Elementalist on Oct 19, 2022.
             Slain by an iguana (4 damage)
             ... on level 4 of the Dungeon.
             The game lasted 00:08:30 (4552 turns).

billz999 the Sneak (Vampire Earth Elementalist)     Turns: 4552, Time: 00:08:31

Health: -2/41      AC:  6    Str:  7    XL:     6   Next: 30%
Magic:  2/9        EV: 12    Int: 20    God:
Gold:   285        SH:  0    Dex: 14    Spells: 5/10 levels left

rFire   . . .      SeeInvis +    g - +1 dagger (venom)
rCold   . . .      Faith    .    (no shield)
rNeg    . . .      Spirit   .    a - +0 robe
rPois   +          Reflect  .    (no helmet)
rElec   .          Harm     .    s - +1 cloak
rCorr   .          Rampage  .    v - +1 pair of gloves
Will    .....                    (no boots)
Stlth   +++.......               (no amulet)
HPRegen 0.46/turn                f - ring of poison resistance
MPRegen 0.11/turn                (no ring)

@: healing quickly
A: alive, fangs 3, see invisible, vampiric 2
a: Exsanguinate


You were on level 4 of the Dungeon.
You visited 1 branch of the dungeon, and saw 4 of its levels.

You collected 285 gold pieces.

Inventory:

Hand Weapons
 c - a +0 dagger
 g - a +1 dagger of venom (weapon)
Armour
 a - a +0 robe (worn)
 s - a +1 cloak (worn)
 v - a +1 pair of gloves (worn)
Jewellery
 f - a ring of poison resistance (left hand)
Wands
 t - a wand of roots (9)
 x - a wand of mindburst (9)
Scrolls
 e - a scroll of magic mapping {unknown}
 h - 6 scrolls of identify {unknown}
 i - 2 scrolls of amnesia {unknown}
 j - 2 scrolls of enchant armour {unknown}
 l - a scroll of enchant weapon {unknown}
 m - 2 scrolls of teleportation {unknown}
 n - a scroll of vulnerability {unknown}
 o - a scroll of immolation {unknown}
 r - 2 scrolls of noise {unknown}
Potions
 b - a potion of magic
 d - a potion of berserk rage {unknown}
 k - a potion of haste {unknown}
 p - a potion of flight {unknown}
 q - a potion of heal wounds {unknown}
 u - 2 potions of mutation {unknown}
 w - a potion of curing {unknown}


   Skills:
 - Level 2.1 Dodging
 - Level 6.3 Stealth
 + Level 2.5 Spellcasting
 * Level 5.0 Transmutations
 + Level 3.5 Earth Magic


You had 5 spell levels left.
You knew the following spells:

 Your Spells              Type           Power      Damage    Failure   Level
a - Sandblast             Erth           32%        2d9       3%          1
b - Petrify               Tmut/Erth      19%        N/A       26%         4

Your spell library contained the following spells:

 Spells                   Type           Power      Damage    Failure   Level
 Passwall                 Tmut/Erth      15%        N/A       3%          2
 Magic Dart               Conj           8%         1d3       16%         1
 Summon Small Mammal      Summ           8%         N/A       16%         1
 Call Imp                 Summ           2%         N/A       22%         2
 Stone Arrow              Conj/Erth      18%        3d8       22%         3
 Call Canine Familiar     Summ           2%         N/A       41%         3
 Mephitic Cloud           Conj/Pois/Air  2%         N/A       41%         3
 Portal Projectile        Hex/Tloc       4%         N/A       41%         3
 Summon Guardian Golem    Hex/Summ       2%         N/A       41%         3
 Tukima's Dance           Hex            2%         N/A       41%         3
 Blade Hands              Tmut           11%        N/A       45%         5


Dungeon Overview and Level Annotations

Branches:
Dungeon (4/15)
 Temple: D:4-7

Altars:
Vehumet


Innate Abilities, Weirdness & Mutations

Your natural rate of healing is accelerated.
You have razor-sharp teeth.
You have supernaturally acute eyesight. (SInv)
You are afflicted with vampirism and can become a bat while bloodless.


Message History

The iguana is almost dead.
The iguana barely misses you.
Casting: Sandblast (safe; 3% risk of failure)
Confirm with . or Enter, or press ? or * to list all spells.
Aiming: Sandblast (safe; 3% risk of failure)
Press: ? - help, Shift-Dir - straight line, f/p - iguana
Aim: an iguana (almost dead, 84% to hit)
The blast of sand misses the iguana.
The iguana bites you! x2
Casting: Sandblast (safe; 3% risk of failure)
Confirm with . or Enter, or press ? or * to list all spells.
Aiming: Sandblast (safe; 3% risk of failure)
Press: ? - help, Shift-Dir - straight line, f/p - iguana
Aim: an iguana (severely wounded, 84% to hit)
The blast of sand hits the iguana but does no damage.
The iguana is severely wounded.
The iguana bites you.
Unknown command.
Casting: Sandblast (safe; 3% risk of failure)
Confirm with . or Enter, or press ? or * to list all spells.
Aiming: Sandblast (safe; 3% risk of failure)
Press: ? - help, Shift-Dir - straight line, f/p - iguana
Aim: an iguana (severely wounded, 84% to hit)
The blast of sand misses the iguana.
The iguana bites you. The iguana bites you!
* * * LOW HITPOINT WARNING * * *
Unknown command.
Casting: Sandblast (safe; 3% risk of failure)
Confirm with . or Enter, or press ? or * to list all spells.
Aiming: Sandblast (safe; 3% risk of failure)
Press: ? - help, Shift-Dir - straight line, f/p - iguana
Aim: an iguana (severely wounded, 84% to hit)
The blast of sand hits the iguana but does no damage.
The iguana is severely wounded.
The iguana bites you!
* * * LOW HITPOINT WARNING * * *
Aiming: Mindburst
Press: ? - help, Shift-Dir - straight line, f/p - iguana
Aim: an iguana (severely wounded, chance to affect: 72%)
The iguana struggles to resist.
The iguana bites you.
You die...

#######.## ##...#............#
.#.......####....#...###.☼....#
.#.####.......##.#.#.# #..☼§..#
.#.#####.######..#...# #☼☼§☼..#
......##.#####..#÷#..###......#
.#)##......##..##.##..#######.#
##)##.##.#.##.##.#.##.# #.#
#.......#.##.###..##.# #.#
####....#..#..#@.##..# ####.#
#.##.#....##l#.##.# #....# #
#.##.#.##.###).##.# ##.#### #
#..........# .##..###..# #
####.#.#..## #.##.....## #
#.#.##.# .##.##### #
#####.#.##..# ##..# #
#.....#....## ##.# #
#.######.#.# #.#


You could see an iguana.

Vanquished Creatures
  2 jellies
  2 orc priests
  An iguana (D:3)
  2 orc wizards (D:4)
  2 adders
  An ufetubus (D:4)
  3 worms
  2 dart slugs (D:3)
  6 orcs
  7 bats
  10 endoplasms
  2 giant cockroaches
  13 goblins
  16 hobgoblins
  2 jackals (D:2)
  3 quokkas
  9 ball pythons
  3 frilled lizards (D:1)
  13 kobolds
  6 rats
105 creatures vanquished.

Vanquished Creatures (others)
  A goblin (D:1)
  A hobgoblin (D:1)
2 creatures vanquished.

Grand Total: 107 creatures vanquished

Notes
Turn   | Place    | Note
-------+----------+-------------------------------------------
     0 | D:1      | billz999 the Vampire Earth Elementalist began the quest for
                  | the Orb.
     0 | D:1      | Reached XP level 1. HP: 13/13 MP: 3/3
   192 | D:1      | Reached XP level 2. HP: 19/19 MP: 3/5
   356 | D:1      | Reached skill level 4 in Stealth
   693 | D:1      | Gained mutation: You are afflicted with vampirism and can
                  | become a bat while bloodless. [Vampire growth]
   693 | D:1      | Reached XP level 3. HP: 23/24 MP: 0/6
  1556 | D:2      | Reached skill level 5 in Stealth
  1685 | D:2      | Reached XP level 4. HP: 30/30 MP: 5/7
  2149 | D:2      | Reached skill level 6 in Stealth
  2221 | D:3      | Reached XP level 5. HP: 35/35 MP: 5/8
  2835 | D:3      | Learned a level 4 spell: Petrify
  4194 | D:4      | Found a radiant altar of Vehumet.
  4252 | D:4      | Reached XP level 6. HP: 41/41 MP: 5/9
  4404 | D:4      | Reached skill level 5 in Transmutations
  4551 | D:4      | HP: 1/41 [iguana (10)]
  4552 | D:4      | Slain by an iguana

Illustrated notes

Levels and vault maps discovered:
D:1:      dpeg_arrival_shrine, layout_loops_ring, lemuel_flame_loot_1
D:2:      layout_basic, minmay_misc_feat_columns
D:3:      kennysheep_six_static_rooms, layout_basic, minmay_goblin_outpost
D:4:      layout_loops_cross, fiery_altar_vehumet, minivault_19,
          serial_park_tiny_2, grunt_decor_arrowhead, minmay_manual_macuahuitl

Skill      XL: |  1  2  3  4  5  6 |
---------------+-------------------+-----
Transmutations | 2 3 4 5 |  5.0
Stealth        | 4 5 6 |  6.3
Dodging        | |  2.1
Spellcasting   | |  2.5
Earth Magic    | |  3.5

Action                   |  1- 3 |  4- 6 || total
-------------------------+-------+-------++-------
Melee: Dagger            |    13 |    16 ||    29
       Bite              |     2 |     1 ||     3
 Cast: Sandblast         |    68 |    87 ||   155
Evoke: Wand              |       |     5 ||     5
 Stab: Sleeping          |     2 |     3 ||     5
       Paralysed         |       |     2 ||     2
Armor: Robe              |     2 |     7 ||     9
Dodge: Dodged            |    16 |    25 ||    41

Table legend: (Time is in decaauts)
 A = Elapsed time spent in this place.
 B = Non-inter-level travel time spent in this place.
 C = Inter-level travel time spent in this place.
 D = Time resting spent in this place.
 E = Time spent auto-exploring this place.
 F = Levels seen in this place.
 G = Mean time per level.
                   A        B        C        D        E       F      G
               +--------+--------+--------+--------+--------+-----+--------+
         Total |   4631 |   4453 |    178 |    495 |   3354 |   4 | 1157.8 |
       Dungeon |   4631 |   4453 |    178 |    495 |   3354 |   4 | 1157.8 |
               +--------+--------+--------+--------+--------+-----+--------+

Top non-repeatable levels by time:
     D:3: 1519 daAuts
     D:2: 1147 daAuts
     D:1: 1098 daAuts
     D:4: 867 daAuts
